 Dungeon Crawl Stone Soup version 0.17.0-27-g4a3f43e (webtiles) character file.

138 Peloso the Shield-Bearer (level 5, -2/46 HPs)
             Began as a Minotaur Fighter on Nov 21, 2015.
             Slain by Potsanchik's ghost (7 damage)
             ... on level 3 of the Dungeon.
             The game lasted 00:08:53 (1709 turns).

Peloso the Shield-Bearer (Minotaur Fighter)         Turns: 1709, Time: 00:08:53

Health: -2/46      AC:  7    Str: 20    XL:     5   Next: 1%
Magic:  4/4        EV:  8    Int:  5    God:
Gold:   127        SH: 10    Dex: 11    Spells: 0 memorised, 4 levels left

rFire  . . .     SeeInvis .     a - +0 long sword
rCold  . . .     Clarity  .     b - +0 scale mail
rNeg   . . .     SustAt   .     c - +0 shield
rPois  .         Gourm    .     (helmet restricted)
rElec  .         Spirit   .     (no cloak)
rCorr  .         Warding  .     (no gloves)
rMut   .         Stasis   .     (no boots)
MR     .....                    (no amulet)
Stlth  ..........               (no ring)
                                (no ring)

@: not resistant to hostile enchantments, extremely unstealthy
A: retaliatory headbutt, horns 2
a: no special abilities


You were on level 3 of the Dungeon.
You were hungry.

You visited 1 branch of the dungeon, and saw 3 of its levels.

You collected 127 gold pieces.

Inventory:

Hand Weapons
 a - a +0 long sword (weapon)
Armour
 b - a +0 scale mail (worn)
 c - a +0 shield (worn)
Wands
 r - a wand of digging (8)
Scrolls
 f - 3 scrolls of identify {unknown}
 j - a scroll of remove curse {unknown}
 m - a scroll of blinking {unknown}
 o - a scroll of enchant armour {unknown}
 p - a scroll of teleportation {unknown}
 t - a scroll of magic mapping {unknown}
Potions
 d - 3 potions of might
 g - 4 potions of flight {unknown}
 h - a potion of curing {unknown}
 i - 2 potions of heal wounds {unknown}
 n - a potion of magic {unknown}
 q - a potion of degeneration {unknown}
 s - a potion of brilliance {unknown}
Comestibles
 e - 2 bread rations
 k - a slice of pizza
 l - 4 fruits


   Skills:
 + Level 4.2 Fighting
 + Level 2.9 Long Blades
 + Level 4.6 Armour
 + Level 1.8 Dodging
 + Level 5.0 Shields


You had 4 spell levels left.
You didn't know any spells.

Dungeon Overview and Level Annotations

Branches:
Dungeon (3/15)

Altars:
Makhleb
Ru

Annotations:
D:3 Potsanchik's ghost, amateur SpGl


Innate Abilities, Weirdness & Mutations

You reflexively headbutt those who attack you in melee.
You have a pair of horns on your head.


Message History

You barely miss Potsanchik's ghost.
Your headbutt misses Potsanchik's ghost.
Potsanchik's ghost is almost destroyed.
Potsanchik's ghost hits you!
* * * LOW HITPOINT WARNING * * *
Potsanchik's ghost hits you but does no damage.
You closely miss Potsanchik's ghost.
Your headbutt misses Potsanchik's ghost.
Potsanchik's ghost is almost destroyed.
You block Potsanchik's ghost's attack.
You barely miss Potsanchik's ghost.
Potsanchik's ghost is almost destroyed.
Potsanchik's ghost misses you.
You miss Potsanchik's ghost.
Potsanchik's ghost is almost destroyed.
Potsanchik's ghost hits you but does no damage.
You closely miss Potsanchik's ghost.
Potsanchik's ghost is almost destroyed.
You block Potsanchik's ghost's attack. Potsanchik's ghost hits you!
You die...

#.. #.##..#
#..##.##..#
#.........#
###.......###
............+
####.#...####
#..##.##
#....##
#.@#### #+
#.#W..# ..#
#.#.†.#...#
###.††....#
###)_.###
......#
...#...#
#...#...#
+#######'.


You could see Potsanchik's ghost.

Vanquished Creatures
  Ijyb (D:2)
  Jessica (D:2)
  Robin (D:2)
  A gnoll (D:1)
  2 adders
  2 giant geckos (D:2)
  A ball python (D:3)
  15 goblins
  7 hobgoblins
  5 kobolds
  7 bats
  A giant newt (D:1)
  4 rats
48 creatures vanquished.

Notes
Turn   | Place    | Note
--------------------------------------------------------------
     0 | D:1      | Peloso the Minotaur Fighter began the quest for the Orb.
     0 | D:1      | Reached XP level 1. HP: 19/19 MP: 0/0
   173 | D:1      | Reached skill level 4 in Shields
   173 | D:1      | Reached XP level 2. HP: 25/27 MP: 1/1
   891 | D:2      | Noticed Robin
   909 | D:2      | Reached XP level 3. HP: 30/33 MP: 2/2
   927 | D:2      | Killed Robin
   929 | D:2      | Reached skill level 1 in Dodging
  1072 | D:2      | Reached XP level 4. HP: 29/40 MP: 3/3
  1099 | D:2      | Noticed Jessica
  1110 | D:2      | Killed Jessica
  1231 | D:2      | Noticed Ijyb
  1246 | D:2      | Killed Ijyb
  1246 | D:2      | Reached skill level 5 in Shields
  1555 | D:2      | Found a burning altar of Makhleb.
  1557 | D:2      | Noticed an Executioner
  1664 | D:3      | Found a sacrificial altar of Ru.
  1673 | D:3      | Noticed Potsanchik's ghost (amateur SpGl)
  1673 | D:3      | Reached XP level 5. HP: 42/46 MP: 4/4
  1709 | D:3      | Slain by Potsanchik's ghost

Action                   |  1- 3 |  4- 6 || total
-------------------------+-------+-------++-------
Melee: Long sword        |    90 |    60 ||   150
 Stab: Paralysed         |       |     1 ||     1
  Eat: Chunk             |     1 |     1 ||     2
